 Dungeon Crawl Stone Soup version 0.31-a0-831-g143b1e81fc (webtiles) character file.

Game seed: 3323284506532763641

97 quino the Slasher (level 4, -1/36 HPs)
             Began as a Demonspawn Fighter on Sept 24, 2023.
             Slain by a hobgoblin (4 damage)
             ... led by Robin
             ... on level 3 of the Dungeon on Sept 26, 2023.
             The game lasted 00:06:34 (2039 turns).

quino the Slasher (Demonspawn Fighter)              Turns: 2039, Time: 00:06:34

Health: -1/36      AC: 10    Str: 19    XL:     4   Next: 42%
Magic:  4/4        EV:  9    Int:  9    God:
Gold:   113        SH:  8    Dex: 12    Spells: 3/3 levels left

rFire   . . .        a - +0 long sword
rCold   + . .        c - +0 buckler
rNeg    . . .        b - +0 scale mail
rPois   +            (no helmet)
rElec   .            (no cloak)
rCorr   .            (no gloves)
SInv    .            (no boots)
Will    .....        (no amulet) Stlth
                     p - ring of poison resistance
HPRegen 0.26/turn    e - ring of protection from cold
MPRegen 0.09/turn

%: no passive effects
@: no status effects
A: icemail 1, condensation shield, demonic magic 1
a: no special abilities


You were on level 3 of the Dungeon.
You visited 1 branch of the dungeon, and saw 3 of its levels.

You collected 113 gold pieces.

Inventory:

Hand Weapons
 a - a +0 long sword (weapon)
Missiles
 r - 6 poisoned darts
Armour
 b - a +0 scale mail (worn)
 c - a +0 buckler (worn)
Jewellery
 e - a ring of protection from cold (right hand)
 p - a ring of poison resistance (left hand)
Talismans
 h - a blade talisman
 m - a maw talisman
Scrolls
 f - a scroll of enchant armour {unknown}
 g - a scroll of immolation {unknown}
 j - a scroll of teleportation {unknown}
 l - a scroll of revelation {unknown}
 q - a scroll of vulnerability {unknown}
Potions
 d - 2 potions of might
 i - a potion of enlightenment {unknown}
 k - a potion of heal wounds {unknown}
 n - 2 potions of attraction {unknown}
 o - a potion of haste {unknown}


   Skills:
 + Level 3.6 Fighting
 * Level 3.9 Long Blades
 - Level 2.6 Armour
 - Level 2.6 Shields


You had 3 spell levels left.
You didn't know any spells.
Your spell library contained the following spells:

 Spells                   Type           Power      Damage    Failure   Level
 Apportation              Tloc           0%         N/A       83%         1
 Jinxbite                 Hex            0%         N/A       93%         2
 Cause Fear               Hex            0%         N/A       100%        4
 Alistair's Intoxication  Tmut/Pois      0%         N/A       100%        5
 Fireball                 Conj/Fire      0%         3d3       100%        5
 Dragon's Call            Summ           0%         N/A       100%        9


Dungeon Overview and Level Annotations

Branches:
Dungeon (3/15)

Altars:
Yredelemnul


Innate Abilities, Weirdness & Mutations

A meltable icy envelope protects you from harm. (AC +4)
A meltable shield of frost defends you. (SH +4)
Spells you cast may paralyse adjacent enemies.


Message History

You barely miss the hobgoblin.
The hobgoblin is lightly wounded.
You block the hobgoblin's attack. The goblin closely misses you.
You closely miss the hobgoblin.
The hobgoblin is lightly wounded.
The hobgoblin hits you.
* * * LOW HITPOINT WARNING * * *
The goblin hits you but does no damage.
You slash the hobgoblin!
You kill the hobgoblin!
You block the goblin's attack.
The hobgoblin hits you but does no damage.
You block the goblin's attack.
You hit the hobgoblin.
The hobgoblin is heavily wounded.
The goblin hits you with a +0 club.
* * * LOW HITPOINT WARNING * * *
The hobgoblin closely misses you.
You barely miss the hobgoblin.
The hobgoblin is heavily wounded.
The goblin closely misses you.
The hobgoblin hits you but does no damage.
You hit the hobgoblin.
The hobgoblin is almost dead.
You block the goblin's attack.
The hobgoblin hits you but does no damage.
You barely miss the hobgoblin.
The hobgoblin is almost dead.
You block the goblin's attack. The hobgoblin closely misses you.
You hit the hobgoblin but do no damage.
The hobgoblin is almost dead.
The goblin barely misses you.
The hobgoblin hits you but does no damage.
You block the goblin's attack. The hobgoblin barely misses you.
You barely miss the hobgoblin.
The hobgoblin is almost dead.
The goblin hits you with a +0 club.
* * * LOW HITPOINT WARNING * * *
The hobgoblin hits you.
You die...

#.. #..
#.# #.#
###.######
#.)......#
#.#)###.##
#.#g#
#.#@#
#.#g#
#.#g#
#<#g#
###g. ##.
. #.


You could see 2 hobgoblins and 3 goblins.

Vanquished Creatures
  Robin (D:3)
  An adder (D:2)
  A gnoll (D:1)
  4 ball pythons
  4 endoplasms
  A giant cockroach (D:1)
  8 goblins
  11 hobgoblins
  7 jackals (D:2)
  7 kobolds
  4 quokkas
  3 bats
  3 frilled lizards
  A rat (D:1)
56 creatures vanquished.

Notes
Turn   | Place    | Note
-------+----------+-------------------------------------------
     0 | D:1      | quino the Demonspawn Fighter began the quest for the Orb.
     0 | D:1      | Reached XP level 1. HP: 18/18 MP: 1/1
   148 | D:1      | Gained mutation: A meltable shield of frost defends you.
                  | (SH +4) [demonic ancestry]
   148 | D:1      | Reached XP level 2. HP: 7/24 MP: 2/2
   407 | D:1      | Gained mutation: Spells you cast may paralyse adjacent
                  | enemies. [demonic ancestry]
   407 | D:1      | Reached XP level 3. HP: 14/29 MP: 3/3
  1346 | D:2      | Found a basalt altar of Yredelemnul.
  1653 | D:2      | Gained mutation: A meltable icy envelope protects you from
                  | harm. (AC +4) [demonic ancestry]
  1653 | D:2      | Reached XP level 4. HP: 35/35 MP: 4/4
  1984 | D:3      | Noticed Robin
  2017 | D:3      | Killed Robin
  2039 | D:3      | Slain by a hobgoblin

Illustrated notes

Levels and vault maps discovered:
D:1:      heliophobic_arrival_dark_side_of_the_moon, layout_basic
D:2:      layout_basic, basic_altar
D:3:      cheibrodos_old_hovel, layout_basic, minitemple,
          lightli_corner_chamber, uniq_robin

Skill      XL: |  1  2  3 |
---------------+----------+-----
Long Blades    | 2 3 |  3.9
Fighting       | |  3.6
Armour         | |  2.6
Shields        | |  2.6

Action                     |  1- 3 |  4- 6 || total
---------------------------+-------+-------++-------
  Melee: Long sword        |   144 |    65 ||   209
 Armour: Scale mail        |    89 |    61 ||   150
  Dodge: Dodged            |    51 |    30 ||    81
  Block: Buckler           |    52 |    51 ||   103

Table legend: (Time is in decaauts)
 A = Elapsed time spent in this place.
 B = Non-inter-level travel time spent in this place.
 C = Inter-level travel time spent in this place.
 D = Time resting spent in this place.
 E = Time spent auto-exploring this place.
 F = Levels seen in this place.
 G = Mean time per level.
                   A        B        C        D        E       F      G
               +--------+--------+--------+--------+--------+-----+--------+
         Total |   2096 |   2013 |     83 |      0 |   1535 |   3 |  698.7 |
       Dungeon |   2096 |   2013 |     83 |      0 |   1535 |   3 |  698.7 |
               +--------+--------+--------+--------+--------+-----+--------+

Top non-repeatable levels by time:
     D:1: 1170 daAuts
     D:2: 849 daAuts
     D:3: 76 daAuts
